 Dungeon Crawl Stone Soup version 0.31.0-32-g396128a36d (webtiles) character file.

Game seed: 11306120686513948195

711 wildpjah the Slasher (level 8, -2/56 HPs)
             Began as a Djinni Gladiator on Apr 11, 2024.
             Was a Believer of Lugonu.
             Slain by an orc
             ... wielding a +0 flail
              (5 damage)
             ... on level 5 of the Dungeon.
             The game lasted 00:08:59 (3184 turns).

wildpjah the Slasher (Djinni Gladiator)             Turns: 3184, Time: 00:09:00

Health: -2/56      AC:  7    Str: 13    XL:     8   Next: 0%
Gold:   176        EV: 12    Int:  9    God:    Lugonu [**....] SH:  0 Dex: 18

rFire   + + +        v - +1 dagger (venom)
rCold   . . .        (no shield)
rNeg    . . .        k - +0 ring mail
rPois   ∞            B - +2 hat
rElec   +            (no cloak)
rCorr   +            (no gloves)
SInv    .            (boots unavailable)
Will    .....        (no amulet)
Stlth   +            j - ring of resist corrosion
HPRegen 0.29/turn    (no ring)
MPRegen 0.00/turn

%: infuse magic (-3 HP)
@: resistant, flying
A: sickness immunity, fire resistance 2, cold vulnerability 1, float, innate
caster, HP casting, extra vitality 1
a: Renounce Religion, Depart the Abyss, Banish


You were on level 5 of the Dungeon.
You worshipped Lugonu.
Lugonu was pleased with you.
You visited 1 branch of the dungeon, and saw 5 of its levels.

You collected 176 gold pieces.

Inventory:

Hand Weapons
 a - a +0 long sword
 v - a +1 dagger of venom (weapon)
Missiles
 d - 2 throwing nets
 e - a javelin
 h - 5 poisoned darts
Armour
 b - a +0 leather armour
 c - a +0 helmet
 k - a +0 ring mail (worn)
 B - a +2 hat (worn)
Magical Staves
 y - a staff of earth
Jewellery
 j - a ring of resist corrosion (left hand)
Wands
 s - a wand of paralysis (10)
Scrolls
 f - 5 scrolls of identify {unknown}
 g - 3 scrolls of teleportation {unknown}
 i - a scroll of vulnerability {unknown}
 n - 2 scrolls of revelation {unknown}
 r - a scroll of poison {unknown}
 u - a scroll of immolation {unknown}
 w - a scroll of amnesia {unknown}
 x - a scroll of enchant weapon {unknown}
Potions
 l - a potion of berserk rage {unknown}
 m - a potion of resistance
 o - a potion of lignification {unknown}
 p - 2 potions of heal wounds {unknown}
 q - a potion of invisibility {unknown}
 t - a potion of haste {unknown}
 z - a potion of curing {unknown}
 A - a potion of degeneration {unknown}


   Skills:
 + Level 3.1 Fighting
 + Level 1.4(3.4) Short Blades
 + Level 5.0(5.1) Long Blades
 + Level 2.1 Throwing
 + Level 3.3 Armour
 + Level 4.4 Dodging
 + Level 0.4 Stealth
 + Level 2.1 Spellcasting
 + Level 2.1 Conjurations
 + Level 2.1 Hexes
 + Level 2.1 Summonings
 + Level 2.1 Necromancy
 + Level 2.1 Translocations
 + Level 2.1 Fire Magic
 + Level 2.1 Ice Magic
 + Level 2.1 Air Magic
 + Level 2.1 Earth Magic
 + Level 2.1 Alchemy


You knew the following spells:

 Your Spells              Type           Power      Damage    Failure   Level
a - Sandblast             Erth           8%         2d5       28%         1
b - Lesser Beckoning      Tloc           8%         N/A       38%         2
c - Tukima's Dance        Hex            4%         N/A       63%         3
Your spell library was empty.

Dungeon Overview and Level Annotations

Branches:
Dungeon (5/15)
 Temple: D:4-7

Altars:
Gozag
Makhleb
Okawaru
Zin
The Shining One
Lugonu

Shops:
D:2 ?   D:3 *

Annotations:
D:1 1 transporter


Innate Abilities, Weirdness & Mutations

You are immune to sickness and miasma.
You are immune to poison.
Your flesh is very heat resistant. (rF++)
You are vulnerable to cold. (rC-)
You float through the air rather than walking.
You learn spells naturally, not from books.
Your magical power is your life essence.
You have superior vitality. (+4 MHP)


Message History

The orc wizard gestures at you while chanting.
The puff of flame hits you. You resist.
* * * LOW HITPOINT WARNING * * *
Unknown command.
You hit the ogre.
You kill the ogre!
Lugonu accepts your kill.
Your Long Blades skill increases to level 5!
You have reached level 8!
You feel agile.
You start resting.
An orc wizard is nearby!
You start resting.
An orc wizard is nearby!
An orc comes into view. It is wielding a +0 flail.
The orc shouts!
The orc wizard mumbles some strange words.
The orc wizard flickers and vanishes!
Deactivating autopickup; reactivate with Ctrl-A.
Okay, then.
Unknown command.
Something hits you.
* * * LOW HITPOINT WARNING * * *
You completely miss something. Something hits you but does no damage.
You miss something. You punch something. Something hits you.
* * * LOW HITPOINT WARNING * * *
You barely miss something. Something hits you.
* * * LOW HITPOINT WARNING * * *
An orc comes into view. It is wielding a +0 hand axe.
You closely miss something. You miss something.
You hear some strange, mumbled words.
A puff of flame appears from out of thin air!
The puff of flame hits you. You resist.
* * * LOW HITPOINT WARNING * * *
The orc hits you but does no damage.
It was a potion of resistance.
You feel protected. Something hits you but does no damage.
The orc hits you with a +0 flail.
You die...

#. .... ...... ..
#....... ..... #..
#..##o# #..#
#..##..##.####..######
........o...........
..........).........
#####..##..?##....#
#+##..##..##...##....##
......#......$.o@.....#
......#........{......#
......#...##...##......#
......'...##############
......#....#
####..##...#
####..##...#
#.....##..>#
......####.#


You could see an orc.

Vanquished Creatures
  Eustachio (D:4)
  A black bear (D:3)
  An ogre (D:5)
  A phantom (D:4)
  A scorpion (D:4)
  2 bombardier beetles (D:5)
  A hound (D:4)
  An iguana (D:4)
  A sleepcap (D:4)
  4 adders
  2 ribbon worms (D:3)
  A dart slug (D:3)
  5 orcs
  9 ball pythons
  6 endoplasms
  A giant cockroach (D:3)
  4 goblins
  4 hobgoblins
  3 jackals (D:1)
  10 bats
  2 frilled lizards
  5 kobolds
  5 rats
71 creatures vanquished.

Notes
Turn   | Place    | Note
-------+----------+-------------------------------------------
     0 | D:1      | wildpjah the Djinni Gladiator began the quest for the Orb.
     0 | D:1      | Reached XP level 1. HP: 18/18 MP: 0/0
   174 | D:1      | Reached XP level 2. HP: 21/23 MP: 0/0
   221 | D:1      | Reached skill level 3 in Long Blades
   450 | D:1      | Reached XP level 3. HP: 28/28 MP: 0/0
   450 | D:1      | Learned a level 1 spell: Sandblast
  1052 | D:2      | Reached XP level 4. HP: 33/33 MP: 0/0
  1084 | D:2      | Found Mineep's Magic Scroll Emporium.
  1098 | D:2      | Found a faded altar of an unknown god.
  1104 | D:2      | Prayed at the altar of an unknown god.
  1104 | D:2      | Became a worshipper of Lugonu the Unformed
  1104 | D:2      | Reached * piety under Lugonu
  1250 | D:2      | Found the +5 Force Lance {heavy, knockback}
  1383 | D:3      | Reached skill level 1 in Armour
  1578 | D:3      | Noticed a black bear
  1598 | D:3      | Killed a black bear
  1599 | D:3      | Reached skill level 1 in Spellcasting
  1599 | D:3      | Reached skill level 1 in Conjurations
  1599 | D:3      | Reached skill level 1 in Hexes
  1599 | D:3      | Reached skill level 1 in Summonings
  1599 | D:3      | Reached skill level 1 in Necromancy
  1599 | D:3      | Reached skill level 1 in Translocations
  1599 | D:3      | Reached skill level 1 in Fire Magic
  1599 | D:3      | Reached skill level 1 in Ice Magic
  1599 | D:3      | Reached skill level 1 in Air Magic
  1599 | D:3      | Reached skill level 1 in Earth Magic
  1599 | D:3      | Reached skill level 1 in Alchemy
  1599 | D:3      | Reached XP level 5. HP: 4/39 MP: 0/0
  1599 | D:3      | Learned a level 2 spell: Lesser Beckoning
  1853 | D:3      | Found a glowing golden altar of the Shining One.
  1911 | D:3      | Found Zin's Purification Station.
  1925 | D:3      | Found a glowing silver altar of Zin.
  1939 | D:3      | Found an iron altar of Okawaru.
  1994 | D:3      | Reached XP level 6. HP: 45/45 MP: 0/0
  2103 | D:3      | Reached ** piety under Lugonu
  2131 | D:3      | Found a burning altar of Makhleb.
  2330 | D:4      | Reached skill level 4 in Long Blades
  2622 | D:4      | Reached XP level 7. HP: 26/49 MP: 0/0
  2622 | D:4      | Learned a level 3 spell: Tukima's Dance
  2848 | D:4      | Noticed Eustachio
  2867 | D:4      | Killed Eustachio
  3087 | D:5      | Entered Level 5 of the Dungeon
  3114 | D:5      | Found an opulent altar of Gozag.
  3155 | D:5      | Reached skill level 1 in Short Blades
  3168 | D:5      | Reached skill level 5 in Long Blades
  3168 | D:5      | Reached XP level 8. HP: 4/56 MP: 0/0
  3183 | D:5      | HP: 2/56 [something/puff of flame (1)]
  3184 | D:5      | Slain by an orc

Illustrated notes

Levels and vault maps discovered:
D:1:      spicycebolla_arrival_risky_transporter, layout_basic
D:2:      layout_loops_ring, serial_shops, shop,
          dreamdust_ecumenical_altar_angels_and_demons
D:3:      layout_loops_cross, mainiacjoe_overflow_surrounded_room, tso_altar,
          lemuel_doored_altar, zin_purify
D:4:      layout_basic, uniq_eustachio
D:5:      cheibrodos_fertilizer, layout_gridville, grunt_gozag_statues,
          grunt_dithmenos_smoke, lemuel_tele_altar,
          minmay_temple_entry_statues_fountains

Skill      XL: |  1  2  3  4  5  6  7 |
---------------+----------------------+-----
Long Blades    | 3 4 5 |  5.0
Armour         | 1 2 3 |  3.3
Dodging        | 4 |  4.4
Spellcasting   | 1 2 |  2.1
Conjurations   | 1 2 |  2.1
Hexes          | 1 2 |  2.1
Summonings     | 1 2 |  2.1
Necromancy     | 1 2 |  2.1
Translocations | 1 2 |  2.1
Fire Magic     | 1 2 |  2.1
Ice Magic      | 1 2 |  2.1
Air Magic      | 1 2 |  2.1
Earth Magic    | 1 2 |  2.1
Alchemy        | 1 2 |  2.1
Fighting       | 3 |  3.1
Throwing       | 2 |  2.1
Short Blades   | 1 |  1.4
Stealth        | |  0.4

Action                     |  1- 3 |  4- 6 |  7- 9 || total
---------------------------+-------+-------+-------++-------
  Melee: Long sword        |    73 |   103 |       ||   176
         Dagger            |       |     6 |    59 ||    65
         Punch             |       |       |     1 ||     1
  Throw: Dart              |       |     5 |     5 ||    10
         Throwing net      |       |     2 |       ||     2
         Javelin           |       |     1 |     1 ||     2
   Cast: Sandblast         |       |    22 |     5 ||    27
    Use: Potion            |       |       |     1 ||     1
 Armour: Leather armour    |    20 |       |       ||    20
         Ring mail         |    12 |    95 |    29 ||   136
  Dodge: Dodged            |    66 |    87 |    24 ||   177
